 Dungeon Crawl Stone Soup version 0.32-a0-361-g289a535e89 (webtiles) character file.

Game seed: 14048329394735935540

12875 runemasterragnar the Carver (level 12, -18/94 HPs)
             Began as a Coglin Gladiator on Feb 18, 2024.
             Was an Elder of Trog.
             Demolished by a large slime creature (35 damage)
             ... on level 12 of the Dungeon.
             The game lasted 00:15:56 (8937 turns).

runemasterragnar the Carver (Coglin Gladiator)      Turns: 8937, Time: 00:15:56

Health: -18/94     AC: 15    Str: 15    XL:     12   Next: 0%
Magic:  12/12      EV: 12    Int:  8    God:    Trog [****..]
Gold:   619        SH:  0    Dex: 24    Spells: 11/11 levels left

rFire   + . .        g - +3 long sword (freeze) {Xiuhtonal}
rCold   . . .        M - +10 hand axe of Ashenzari {speed, rPois Will+ Str-3 Dex+2}
rNeg    . . .        x - +5 ring mail "Wifomiet" {Dex+5 SInv}
rPois   +            c - +0 helmet
rElec   .            P - +0 cloak
rCorr   .            E - +0 pair of gloves
SInv    +            (no boots)
Will    +....        f - amulet of regeneration
Stlth   +            t - ring of see invisible
HPRegen 1.15/turn    J - ring of protection from fire
MPRegen 0.13/turn

%: no passive effects
@: hasted, revving, very quick
A: off-hand wielding, slow wielding, warmup strikes, warmup strides
a: Renounce Religion, Berserk, Trog's Hand, Brothers in Arms


You were on level 12 of the Dungeon.
You worshipped Trog.
Trog was greatly pleased with you.
You visited 1 branch of the dungeon, and saw 12 of its levels.

You collected 619 gold pieces.

Inventory:

Hand Weapons
 a - a +1 long sword {Hajoon}
 g - a +3 long sword of freezing (weapon) {Xiuhtonal}
 j - a +0 short sword {Ælfthryth}
 p - a +0 dagger of venom
 M - the +10 hand axe of Ashenzari (worn) {speed, rPois Will+ Str-3 Dex+2}
   (You found it on level 10 of the Dungeon)

   Str-3:     It affects your strength (-3).
   Dex+2:     It affects your dexterity (+2).
   rPois:     It protects you from poison Will+: It increases your willpower.
Missiles
 d - 3 throwing nets (quivered)
 e - 10 javelins
Armour
 c - a +0 helmet (worn)
 n - a +1 ring mail of fire resistance
 x - the +5 ring mail "Wifomiet" (worn) {Dex+5 SInv}
   (You found it on level 8 of the Dungeon)

   Dex+5:     It affects your dexterity (+5).
   SInv:      It lets you see invisible.
 C - a +0 chain mail
 D - the +6 leather armour of Evuzykhlo {rC++}
   (You found it on level 5 of the Dungeon)

   rC++:      It greatly protects you from cold.
 E - a +0 pair of gloves (worn)
 P - a +0 cloak (worn)
Jewellery
 f - an amulet of regeneration (around neck)
 t - a ring of see invisible (left grasper)
 u - a +6 ring of intelligence
 J - a ring of protection from fire (right grasper)
 L - a ring of ice
Wands
 b - a wand of acid (8)
 k - a wand of polymorph (3)
 q - a wand of paralysis (13)
 G - a wand of flame (23)
 N - a wand of iceblast (6)
Scrolls
 h - a scroll of vulnerability
 v - 4 scrolls of teleportation
 w - 3 scrolls of immolation
 y - 3 scrolls of poison
 F - a scroll of enchant weapon
 I - 4 scrolls of identify
 O - a scroll of revelation {unknown}
Potions
 i - a potion of brilliance {unknown}
 l - 5 potions of lignification
 m - a potion of haste
 o - a potion of berserk rage {unknown}
 r - 5 potions of heal wounds {unknown}
 s - a potion of cancellation {unknown}
 z - 4 potions of curing {unknown}
 A - 3 potions of magic {unknown}
 B - 2 potions of mutation
 H - 3 potions of might
 K - a potion of enlightenment {unknown}


   Skills:
 + Level 8.5 Fighting
 * Level 11.9 Long Blades
 + Level 7.7 Throwing
 + Level 7.1 Armour
 - Level 2.6 Dodging
 + Level 7.1 Evocations


You had 11 spell levels left.
You didn't know any spells.
Your spell library was empty.

Dungeon Overview and Level Annotations

Branches:
Dungeon (12/15)            Temple (0/1) D:6            Lair (0/5) D:11
    Orc (0/2) D:10

Altars:
Cheibriados
Makhleb
Qazlal
Ru
Sif Muna
Trog
Uskayaw
Wu Jian
Xom
The Shining One

Shops:
D:5 :   D:6 ((   D:10 [


Innate Abilities, Weirdness & Mutations

You can wield a second weapon in your off-hand.
It takes a long time for you to wield or remove held weapons.
Your first few attacks do less damage.
Your first movements take longer.


Message History

2 slime creatures come into view.
The slime creature quivers. x2
There are monsters nearby!
There are monsters nearby! 2 slime creatures come into view.
The slime creature quivers. x2
Two slime creatures merge to form a large slime creature.
There is an open door here.
You barely miss the large slime creature with the +10 hand axe of Ashenzari.
You slash the large slime creature with your +3 long sword of freezing!
You freeze the large slime creature.
You hit the large slime creature with the +10 hand axe of Ashenzari.
The large slime creature is lightly wounded.
You hit the large slime creature with your +3 long sword of freezing.
You freeze the large slime creature.
Two slime creatures merge to form a very large slime creature.
Two slime creatures merge to form an enormous slime creature.
You hit the enormous slime creature with the +10 hand axe of Ashenzari.
The enormous slime creature is lightly wounded.
You hit the enormous slime creature with your +3 long sword of freezing.
You freeze the enormous slime creature.
The enormous slime creature hits you but does no damage.
Unknown command.
You barely miss the enormous slime creature with the +10 hand axe of Ashenzari.
The enormous slime creature is lightly wounded.
You slash the enormous slime creature with your +3 long sword of freezing!
You freeze the enormous slime creature. The enormous slime creature hits you!!!
Unknown command.
You slash the enormous slime creature with the +10 hand axe of Ashenzari!
The enormous slime creature is moderately wounded.
You hit the enormous slime creature with your +3 long sword of freezing.
You freeze the enormous slime creature. The enormous slime creature hits you!!!
* * * LOW HITPOINT WARNING * * *
Okay, then.
You feel yourself speed up.
An enormous slime creature splits.
A large slime creature splits.
Two slime creatures merge to form a large slime creature.
The large slime creature attacks as it pursues you!
The large slime creature hits you!!
You die...

#####+# #.# ....... #.#
....... #.# ....... #.#
....... #.# .......
#.##########.......
#######.#.....@J.J.......
..........########.......
#######.### ....... #..#
#+##### #.## #.# #.# #.##
###'###### #<.#
#........# ##.#
#........# #####.###


You could see 2 large slime creatures.

Vanquished Creatures
  3 two-headed ogres
  2 elephants (D:11)
  A gargoyle (D:11)
  An unseen horror (D:11)
  Jeremiah (D:7)
  5 trolls
  Grinder (D:3)
  Sigmund (D:6)
  18 yaks
  A wraith (D:10)
  3 wyverns
  4 vampire mosquitoes (D:11)
  A steam dragon (D:10)
  2 acid dragons
  Edmund (D:6)
  2 water moccasins
  An orc warrior (D:11)
  A sky beast (D:8)
  An ice beast (D:5)
  3 black bears
  2 ogres
  7 centaurs
  A phantom (D:7)
  A kobold brigand (D:7)
  6 bullfrogs
  A gnoll sergeant (D:6)
  4 scorpions
  3 wights (D:9)
  7 killer bees
  2 howler monkeys
  A lava snake (D:9)
  2 bombardier beetles
  3 orc priests (D:4)
  5 hounds
  5 iguanas
  2 sleepcaps
  Natasha (D:4)
  10 orc wizards
  4 gnolls (D:6)
  5 adders
  A shadow imp (D:5)
  4 white imps
  A dart slug (D:1)
  40 orcs
  2 ball pythons
  7 endoplasms
  3 giant cockroaches
  9 goblins
  6 hobgoblins
  4 jackals (D:1)
  17 kobolds
  2 quokkas
  7 bats
  3 rats
231 creatures vanquished.

Notes
Turn   | Place    | Note
-------+----------+-------------------------------------------
     0 | D:1      | runemasterragnar the Coglin Gladiator began the quest for
                  | the Orb.
     0 | D:1      | Reached XP level 1. HP: 16/16 MP: 1/1
   177 | D:1      | Reached XP level 2. HP: 20/22 MP: 2/2
   478 | D:1      | Reached XP level 3. HP: 28/28 MP: 3/3
  1060 | D:2      | Reached XP level 4. HP: 33/34 MP: 4/4
  1301 | D:3      | Reached skill level 4 in Long Blades
  1308 | D:3      | Found a stormy altar of Qazlal.
  1736 | D:3      | Reached XP level 5. HP: 40/40 MP: 5/5
  1738 | D:3      | Noticed Grinder
  1744 | D:3      | Paralysed by Grinder for 5 turns
  1755 | D:3      | Paralysed by Grinder for 4 turns
  1761 | D:3      | Found a faded altar of an unknown god.
  1763 | D:3      | Killed Grinder
  1764 | D:3      | Reached skill level 5 in Long Blades
  1764 | D:3      | Reached skill level 1 in Armour
  1764 | D:3      | Reached XP level 6. HP: 11/47 MP: 6/6
  1774 | D:3      | Prayed at the altar of an unknown god.
  1774 | D:3      | Became a worshipper of Trog the Wrathful
  1774 | D:3      | Reached * piety under Trog
  2016 | D:3      | Found a shimmering blue altar of Sif Muna.
  2249 | D:4      | Reached XP level 7. HP: 53/53 MP: 7/7
  2389 | D:4      | Noticed Natasha
  2400 | D:4      | Killed Natasha
  2436 | D:4      | Reached skill level 6 in Long Blades
  2487 | D:4      | Reached ** piety under Trog
  2715 | D:5      | Entered Level 5 of the Dungeon
  2749 | D:5      | Reached XP level 8. HP: 52/61 MP: 8/8
  2860 | D:5      | Identified the +6 leather armour of Evuzykhlo {rC++}
  2899 | D:5      | Found a glowing golden altar of the Shining One.
  3085 | D:5      | Reached skill level 7 in Long Blades
  3110 | D:5      | Found Todwec's Book Emporium.
  3154 | D:5      | Found a shimmering altar of Xom.
  3248 | D:5      | Reached skill level 5 in Fighting
  3538 | D:6      | Found Pedo's Antique Weapon Emporium.
  3552 | D:6      | Noticed Edmund
  3557 | D:6      | Reached XP level 9. HP: 68/68 MP: 9/9
  3565 | D:6      | Killed Edmund
  3587 | D:6      | Reached skill level 5 in Throwing
  3642 | D:6      | Reached skill level 8 in Long Blades
  3699 | D:6      | Noticed Sigmund
  3716 | D:6      | Killed Sigmund
  3863 | D:6      | Found a staircase to the Ecumenical Temple.
  3900 | D:6      | Found Xiba's Weapon Shop.
  4636 | D:7      | Found a snail-covered altar of Cheibriados.
  4652 | D:7      | Reached skill level 9 in Long Blades
  4652 | D:7      | Reached skill level 5 in Armour
  4880 | D:7      | Found a bloodstained altar of Trog.
  4907 | D:7      | Noticed Jeremiah
  4926 | D:7      | Killed Jeremiah
  4927 | D:7      | Reached skill level 1 in Evocations
  4953 | D:7      | Reached XP level 10. HP: 75/77 MP: 10/10
  5165 | D:7      | Reached *** piety under Trog
  5309 | D:8      | Noticed a two-headed ogre
  5315 | D:8      | Killed a two-headed ogre
  5537 | D:8      | Identified the +5 ring mail "Wifomiet" {Dex+5 SInv}
  5596 | D:8      | Reached skill level 10 in Long Blades
  5796 | D:8      | You fall into a shaft and drop 2 floors!
  5796 | D:10     | Entered Level 10 of the Dungeon
  6030 | D:10     | Found a hide-covered altar of Uskayaw.
  6087 | D:10     | Found a burning altar of Makhleb.
  6372 | D:10     | Reached skill level 5 in Evocations
  6372 | D:10     | Reached XP level 11. HP: 84/84 MP: 11/11
  6467 | D:10     | Identified the +10 hand axe of Ashenzari {speed, rPois
                  | Will+ Str-3 Dex+2}
  6516 | D:10     | Found Vuditeir's Armour Shoppe.
  6574 | D:10     | Found a staircase to the Orcish Mines.
  6639 | D:10     | Identified the +0 leather armour "Rus He Die" {+Inv Will+
                  | Str+2}
  6899 | D:9      | Found an ornate altar of the Wu Jian Council.
  6965 | D:9      | Reached skill level 11 in Long Blades
  7293 | D:9      | Reached **** piety under Trog
  8150 | D:8      | Found a sacrificial altar of Ru.
  8597 | D:11     | Noticed a two-headed ogre
  8602 | D:11     | Killed a two-headed ogre
  8770 | D:11     | Found a staircase to the Lair.
  8867 | D:12     | Noticed a two-headed ogre
  8874 | D:12     | Killed a two-headed ogre
  8875 | D:12     | Reached XP level 12. HP: 63/94 MP: 12/12
  8937 | D:12     | Demolished by a large slime creature

Illustrated notes

Levels and vault maps discovered:
D:1:      sevenhm_arrival_forest_fort_small_5, layout_basic, minmay_box_of_dots
D:2:      layout_rooms, ebering_dispersal_statue_hall, minmay_misc_feat_cross
D:3:      layout_loops_cross, lemuel_blue_sif_altar,
          mainiacjoe_overflow_brackets, hellmonk_ecumenical_altar_crossroads,
          serial_bayou_lagoon_b, uniq_grinder
D:4:      layout_rooms, uniq_natasha
D:5:      layout_rooms, lemuel_tele_altar, nicolae_tso_carved_into_rock,
          serial_shops, nicolae_shop_just_a_little_nook
D:6:      layout_rooms, minmay_temple_entry_mist, serial_curves, eino_curves_04,
          eino_curves_01, eino_curves_02, serial_shops, nicolae_shop_waterfront,
          moated_statue, nicolae_take_the_stairs, uniq_sigmund, uniq_edmund
D:7:      layout_loops_ring, mainiacjoe_overflow_chevrons, cheibriados_altar_1,
          solitary_fountain, uniq_jeremiah
D:8:      layout_loops_cross, nicolae_ru_path_of_blood
D:9:      layout_basic, nicolae_wu_jian_immortal_techniques, enter_bailey_7,
          minmay_hedge_maze, kennysheep_crisscross
D:10:     layout_loops_ring, mainiacjoe_overflow_24_doors,
          mainiacjoe_overflow_concentric_impassable, orc_0_dummy, serial_shops,
          nicolae_inconvenience_store, evilmike_butchery
D:11:     layout_rooms, grunt_lair_entry_orc_guard_hut
D:12:     layout_roguey, enter_trove_2

Skill      XL: |  1  2  3  4  5  6  7  8  9 10 11 |
---------------+----------------------------------+-----
Throwing       | 2 3 4 5 6 7 |  7.7
Long Blades    | 4 5 6 7 9 10 11 | 11.9
Fighting       | 3 4 5 6 7 8 |  8.5
Armour         | 1 2 3 4 5 6 7 |  7.1
Evocations     | 2 5 7 |  7.1
Dodging        | |  2.6

Action                     |  1- 3 |  4- 6 |  7- 9 | 10-12 || total
---------------------------+-------+-------+-------+-------++-------
  Melee: Long sword        |    52 |   109 |   265 |   334 ||   760
         Dagger            |    10 |       |       |       ||    10
         Short sword       |    24 |   104 |   245 |   253 ||   626
         Hand axe          |       |       |       |    78 ||    78
 Invoke: Berserk           |       |       |     7 |     9 ||    16
    Use: Scroll            |       |       |    13 |     3 ||    16
         Potion            |       |       |       |     1 ||     1
   Stab: Sleeping          |     1 |       |       |       ||     1
 Armour: Leather armour    |    28 |       |   144 |    49 ||   221
         Ring mail         |    15 |    88 |    70 |   249 ||   422
         Chain mail        |       |       |    26 |       ||    26
  Dodge: Dodged            |    43 |    90 |   223 |   213 ||   569

Table legend: (Time is in decaauts)
 A = Elapsed time spent in this place.
 B = Non-inter-level travel time spent in this place.
 C = Inter-level travel time spent in this place.
 D = Time resting spent in this place.
 E = Time spent auto-exploring this place.
 F = Levels seen in this place.
 G = Mean time per level.
                   A        B        C        D        E       F      G
               +--------+--------+--------+--------+--------+-----+--------+
         Total |   9420 |   8715 |    705 |   1068 |   5279 |  12 |  785.0 |
       Dungeon |   9420 |   8715 |    705 |   1068 |   5279 |  12 |  785.0 |
               +--------+--------+--------+--------+--------+-----+--------+

Top non-repeatable levels by time:
     D:9: 1271 daAuts
    D:10: 1140 daAuts
     D:7: 1090 daAuts
     D:3: 936 daAuts
     D:5: 845 daAuts
     D:1: 823 daAuts
     D:8: 774 daAuts
     D:6: 711 daAuts
     D:4: 657 daAuts
    D:11: 596 daAuts
     D:2: 477 daAuts
    D:12: 95 daAuts
